Map: [ESL] Data-C

Players

Elazer

  • Race: Zerg Zerg
  • Spawn Location: 9:00

ShoWTimE - Winner!

  • Race: Protoss Protoss
  • Spawn Location: 3:00

Event: DreamHack SC2 Masters 2022 Valencia

VOD

Have the link to the VOD?

Description

Time

  • Played on: July 1, 2022, 9:42 a.m.
  • Length: 19:03

All games in this series

Show
View Real Time Build Order
Export as new Build Order

Elazer Zerg 

Build Orders: Hatch First, Lurkers 

Get SALT Encoding   

  12  0:00  Drone  
  13  0:12  Overlord  
  13  0:17  Drone  
  14  0:30  Drone x2  
  16  0:48  Hatchery  
  15  0:51  Drone  
  15  0:55  Drone  
  17  0:58  Drone  
  18  1:10  Extractor  
  17  1:13  Spawning Pool  
  17  1:17  Drone  
  17  1:19  Drone  
  18  1:28  Drone  
  19  1:38  Drone  
  20  1:49  Drone  
  21  2:00  Queen x2  
  21  2:01  Zergling x2  
  26  2:02  Overlord  
  26  2:12  Drone x2  
  28  2:18  Metabolic Boost  
  28  2:21  Drone  
  29  2:23  Drone  
  30  2:36  Hatchery  
  29  2:41  Queen  
  31  2:44  Drone  
  31  2:45  Drone  
  31  2:49  Overlord  
  33  2:55  Drone x2  
  33  2:56  Drone  
  36  3:06  Queen  
  36  3:09  Drone x2  
  36  3:10  Overlord  
  40  3:14  Drone x2  
  40  3:19  Queen  
  44  3:28  Spore Crawler, Drone  
  44  3:29  Drone  
  44  3:31  Overlord  
  45  3:36  Drone  
  46  3:43  Overlord  
  46  3:48  Queen  
  46  3:49  Drone x2  
  46  3:50  Drone x4  
  46  3:54  Overlord  
  54  3:58  Queen  
  54  4:01  Drone x2  
  58  4:07  Zergling x6  
  61  4:13  Zergling x6  
  64  4:17  Drone x3  
  64  4:21  Overlord  
  64  4:22  Drone  
  68  4:29  Drone x7  
  73  4:31  Extractor  
  73  4:37  Roach Warren  
  71  4:39  Queen  
  71  4:43  Drone x3  
  76  4:46  Overlord  
  76  4:49  Extractor  
  76  4:51  Lair  
  76  4:52  Drone  
  76  4:54  Drone x2  
  76  4:57  Drone x3  
  81  5:02  Evolution Chamber  
  81  5:06  Overlord  
  80  5:09  Drone x6  
  86  5:16  Overlord  
  86  5:25  Hatchery  
  86  5:27  Extractor  
  86  5:28  Extractor, Drone  
  85  5:30  Drone x3, Extractor  
  85  5:31  Drone x4  
  85  5:32  Overlord, Drone  
  90  5:37  Zerg Missile Weapons Level 1, Overlord  
  90  5:43  Zergling x2  
  90  5:44  Zergling x6  
  90  5:49  Glial Reconstitution  
  94  5:57  Overlord x2  
  94  5:58  Roach x6  
  106  6:06  Roach x2  
  106  6:07  Roach x3  
  106  6:11  Overlord x2  
  113  6:15  Drone  
  114  6:21  Overlord  
  114  6:22  Drone x3  
  117  6:30  Roach  
  117  6:31  Roach x3  
  125  6:35  Overlord  
  125  6:39  Roach x5  
  133  6:48  Roach x5  
  133  6:53  Roach x5  
  151  6:55  Roach  
  151  6:56  Roach  
  151  7:00  Roach  
  157  7:05  Roach x4  
  157  7:07  Roach x2  
  167  7:15  Overlord x2  
  167  7:26  Overlord  
  166  7:37  Roach x13  
  166  7:42  Roach  
  166  7:43  Roach  
  174  7:45  Roach x3  
  174  7:55  Roach x4  
  182  7:59  Ravager x2  
  182  8:00  Ravager x2  
  182  8:04  Roach x4  
  176  8:21  Roach x10  
  176  8:22  Overlord  
  172  8:45  Roach x13  
  183  8:49  Roach x2  
  179  8:56  Drone x4  
  179  8:57  Zerg Missile Weapons Level 2  
  158  9:04  Drone x5  
  158  9:11  Roach x5  
  158  9:16  Roach x3  
  168  9:25  Ravager x2  
  168  9:26  Ravager  
  164  9:37  Roach  
  164  9:38  Roach x10  
  180  9:39  Ravager  
  181  9:47  Hydralisk Den  
  174  9:54  Roach x10  
  185  10:02  Roach x3  
  185  10:04  Spore Crawler  
  185  10:05  Spore Crawler  
  189  10:14  Overlord x3  
  187  10:16  Grooved Spines  
  182  10:38  Hydralisk x10  
  199  10:52  Hydralisk x4  
  199  10:56  Infestation Pit, Spore Crawler  
  195  11:06  Hatchery  
  172  11:15  Hydralisk x7, Zerg Ground Armor Level 1  
  172  11:21  Roach x7  
  168  11:27  Roach x4  
  176  11:47  Hive  
  176  11:49  Roach x2, Lurker Den  
  179  11:56  Extractor, Hatchery  
  179  11:57  Extractor, Drone x3  
  179  11:58  Drone x3  
  179  12:00  Muscular Augments  
  182  12:06  Roach x7  
  196  12:17  Roach  
  196  12:18  Roach  
  196  12:36  Hydralisk x8  
  176  12:39  Roach x5  
  200  13:03  Seismic Spines  
  194  13:09  Hydralisk x4, Zerg Missile Weapons Level 3  
  184  13:20  Hydralisk  
  184  13:21  Hydralisk x4  
  188  13:33  Overlord x2  
  188  13:37  Extractor x2  
  188  13:39  Lurker x3  
  189  13:44  Overlord x3  
  185  13:50  Hatchery  
  182  13:55  Lurker  
  182  13:56  Lurker x3  
  182  13:59  Drone x3  
  182  14:00  Adaptive Talons, Drone x5  
  182  14:01  Drone  
  182  14:02  Drone x2  
  197  14:03  Drone  
  197  14:04  Drone x2  
  200  14:12  Spore Crawler  
  200  14:13  Spine Crawler x2  
  197  14:41  Viper  
  200  14:46  Spine Crawler x2  
  200  14:49  Viper x2  
  198  14:53  Lurker  
  198  14:54  Spine Crawler, Lurker  
  198  14:58  Hatchery, Lurker  
  199  15:00  Pneumatized Carapace, Overseer x4  
  199  15:01  Overlord  
  199  15:05  Lurker  
  196  15:25  Lurker x4  
  200  15:43  Hatchery  
  200  15:46  Zerg Ground Armor Level 2  
  197  15:54  Hydralisk x6  
  191  15:59  Hydralisk x4  
  168  16:31  Hydralisk  
  168  16:32  Hydralisk x12  
  176  16:37  Hydralisk x6  
  176  16:38  Hydralisk x13  
  188  16:41  Overlord, Lurker x2  
  188  16:43  Lurker  
  177  16:55  Roach x9  
  177  16:56  Roach x2  
  190  17:13  Hydralisk x5  
  189  17:33  Lurker x5  
  189  17:34  Lurker  
  181  17:50  Drone x10  
  187  17:53  Viper x3  
  172  18:11  Drone x5  
  172  18:12  Hydralisk x10  
  154  18:23  Hydralisk x3  
  149  18:31  Roach  
  149  18:32  Roach x5  
  157  18:36  Hydralisk  
  157  18:37  Hydralisk x4  
Show
View Real Time Build Order
Export as new Build Order

ShoWTimE Protoss - Winner!

Build Orders: 1 Gate Expand, Oracle Opening, Carriers 

Get SALT Encoding   

  12  0:00  Probe  
  13  0:12  Probe  
  14  0:18  Pylon  
  14  0:24  Probe  
  15  0:36  Probe (Chrono Boost)  
  15  0:39  Gateway  
  16  0:46  Probe (Chrono Boost), Assimilator  
  17  0:51  Probe (Chrono Boost)  
  18  1:03  Probe  
  19  1:15  Probe  
  20  1:25  Nexus  
  20  1:27  Probe  
  21  1:41  Cybernetics Core  
  21  1:43  Probe  
  21  1:46  Assimilator  
  22  1:54  Pylon  
  22  1:56  Probe  
  23  2:12  Probe (Chrono Boost)  
  24  2:17  Adept  
  24  2:19  Stargate  
  27  2:23  Probe (Chrono Boost)  
  27  2:24  Warp Gate  
  27  2:28  Probe (Chrono Boost)  
  28  2:38  Probe x2 (Chrono Boost)  
  30  2:46  Probe (Chrono Boost)  
  30  2:47  Stalker, Probe (Chrono Boost)  
  34  2:51  Probe (Chrono Boost)  
  34  2:54  Probe  
  36  3:00  Oracle (Chrono Boost)  
  36  3:04  Probe  
  40  3:06  Probe  
  41  3:12  Pylon  
  41  3:16  Probe  
  41  3:18  Probe  
  43  3:28  Probe  
  43  3:30  Probe, Oracle (Chrono Boost)  
  48  3:40  Nexus  
  48  3:43  Pylon  
  48  3:45  Probe x2  
  50  3:52  Assimilator  
  50  3:53  Assimilator  
  50  3:57  Probe x2  
  50  4:02  Forge  
  52  4:04  Twilight Council  
  52  4:09  Probe x2  
  54  4:16  Gateway  
  54  4:21  Probe x2  
  56  4:31  Protoss Ground Weapons Level 1 (Chrono Boost)  
  56  4:33  Probe (Chrono Boost), Blink  
  56  4:34  Probe (Chrono Boost)  
  56  4:37  Gateway  
  58  4:41  Pylon  
  60  4:45  Probe (Chrono Boost)  
  60  4:46  Sentry, Probe (Chrono Boost)  
  62  4:53  Probe x2 (Chrono Boost)  
  62  4:55  Probe (Chrono Boost)  
  62  4:56  Shield Battery  
  62  4:59  Probe  
  65  5:00  Probe  
  65  5:03  Oracle  
  65  5:05  Probe  
  71  5:09  Pylon  
  71  5:10  Sentry  
  71  5:12  Probe x2  
  75  5:17  Probe  
  76  5:21  Gateway  
  76  5:24  Probe  
  76  5:27  Probe, Gateway  
  76  5:29  Gateway  
  76  5:33  Gateway  
  76  5:34  Probe  
  77  5:39  Gateway  
  77  5:43  Probe  
  77  5:46  Stalker x3  
  77  5:49  Forge  
  84  5:51  Phoenix  
  84  5:55  Pylon  
  84  6:05  Pylon  
  84  6:08  Nexus  
  84  6:18  Stalker x4  
  92  6:20  Pylon  
  92  6:26  Photon Cannon, Probe x3  
  95  6:34  Charge  
  95  6:38  Protoss Ground Armor Level 1 (Chrono Boost)  
  95  6:39  Photon Cannon  
  95  6:40  Shield Battery  
  95  6:42  Stalker x4  
  95  6:46  Probe  
  104  6:47  Probe  
  104  6:49  Probe  
  106  6:55  Stalker  
  106  6:58  Pylon, Probe  
  106  6:59  Protoss Ground Weapons Level 2 (Chrono Boost)  
  109  7:05  Pylon  
  109  7:06  Pylon  
  109  7:12  Pylon, Gateway  
  109  7:14  Gateway  
  109  7:15  Pylon  
  109  7:16  Probe x3  
  109  7:20  Stalker x2  
  116  7:25  Stalker x2  
  116  7:28  Probe  
  121  7:32  Stalker x3  
  121  7:35  Pylon  
  124  7:41  Stalker  
  120  7:49  Probe x4  
  124  7:51  Gateway  
  124  7:55  Photon Cannon  
  124  7:57  Photon Cannon  
  124  7:59  Pylon  
  124  8:01  Sentry x2  
  124  8:04  Probe x3, Assimilator  
  131  8:07  Stalker x3  
  131  8:09  Assimilator  
  131  8:10  Shield Battery  
  137  8:19  Stalker  
  135  8:20  Oracle (Chrono Boost)  
  135  8:25  Pylon  
  138  8:28  Probe  
  138  8:29  Shield Battery  
  138  8:31  Shield Battery  
  131  8:34  Stalker x4  
  131  8:44  Stalker x3  
  131  8:56  Oracle (Chrono Boost)  
  134  9:05  Nexus  
  134  9:10  Photon Cannon  
  134  9:12  Pylon  
  134  9:14  Zealot x5  
  144  9:18  Gateway  
  144  9:20  Gateway  
  144  9:22  Robotics Facility  
  144  9:27  Pylon  
  144  9:28  Pylon  
  142  9:32  Stalker, Oracle (Chrono Boost)  
  147  9:39  Stalker x5  
  157  9:46  Probe  
  157  9:47  Probe, Protoss Ground Weapons Level 3 (Chrono Boost)  
  159  9:55  Photon Cannon  
  157  10:01  Stalker  
  157  10:02  Stalker  
  157  10:04  Pylon  
  157  10:06  Pylon, Assimilator  
  161  10:16  Zealot x2  
  165  10:22  Probe x2, Assimilator  
  165  10:23  Immortal (Chrono Boost)  
  171  10:28  Pylon  
  171  10:32  Assimilator  
  161  10:40  Stalker x2  
  161  10:41  Stalker x6  
  175  10:54  Pylon  
  175  10:55  Protoss Ground Armor Level 2 (Chrono Boost)  
  175  11:00  Probe x4  
  175  11:01  Nexus  
  179  11:04  Pylon  
  179  11:05  Zealot x4  
  177  11:12  Probe, Immortal (Chrono Boost)  
  177  11:15  Photon Cannon  
  178  11:21  Robotics Bay  
  170  11:26  Robotics Facility  
  170  11:29  Probe x3  
  173  11:35  Shield Battery  
  173  11:36  Photon Cannon, Zealot x3  
  180  11:47  Observer (Chrono Boost)  
  180  11:50  Shield Battery  
  180  11:52  Shield Battery  
  180  11:54  Photon Cannon  
  180  11:55  Probe x3  
  180  11:56  Probe  
  180  11:58  Templar Archives  
  180  11:59  Zealot x2  
  180  12:00  Zealot x2  
  192  12:06  Disruptor (Chrono Boost)  
  192  12:07  Probe x3  
  192  12:08  Probe  
  199  12:20  Assimilator  
  199  12:22  Assimilator  
  199  12:25  Psionic Storm  
  195  12:30  Photon Cannon  
  195  12:32  Disruptor x2 (Chrono Boost), Photon Cannon  
  189  12:40  High Templar x4  
  193  12:47  Photon Cannon  
  193  12:49  Photon Cannon, Zealot x3  
  193  12:50  Photon Cannon  
  199  12:55  Fleet Beacon  
  199  12:58  Stargate  
  199  12:59  Stargate  
  199  13:13  Photon Cannon  
  199  13:14  Photon Cannon  
  199  13:19  Zealot x3  
  198  13:22  Stalker x2  
  200  13:33  Protoss Shields Level 1 (Chrono Boost)  
  197  13:38  Protoss Ground Armor Level 3 (Chrono Boost)  
  197  13:43  Nexus  
  197  13:45  Pylon  
  195  13:56  Pylon  
  195  14:16  Protoss Air Weapons Level 1 (Chrono Boost)  
  195  14:23  Carrier (Chrono Boost)  
  195  14:24  Carrier (Chrono Boost)  
  199  14:30  Carrier (Chrono Boost)  
  193  14:41  Photon Cannon  
  193  14:43  Photon Cannon  
  193  14:44  Photon Cannon  
  193  14:46  Photon Cannon  
  193  14:48  Photon Cannon  
  193  14:51  Shield Battery  
  193  14:52  Shield Battery  
  193  14:55  Shield Battery  
  193  14:57  Gateway x2  
  193  14:58  Pylon  
  193  15:01  Gateway  
  193  15:03  Assimilator  
  193  15:05  Pylon  
  193  15:07  Assimilator  
  193  15:09  Pylon  
  193  15:14  Stargate  
  193  15:16  Stargate  
  193  15:25  Photon Cannon  
  193  15:26  Photon Cannon  
  193  15:28  Pylon  
  193  15:29  Protoss Shields Level 2 (Chrono Boost)  
  193  15:33  Carrier (Chrono Boost)  
  197  15:54  Nexus  
  197  15:56  Pylon, Carrier x2 (Chrono Boost)  
  185  16:01  Zealot x4  
  185  16:02  Zealot  
  194  16:05  Zealot x3  
  194  16:08  Protoss Air Weapons Level 2 (Chrono Boost)  
  194  16:23  Zealot x8  
  188  16:26  Zealot x3  
  189  16:36  Carrier (Chrono Boost)  
  193  16:46  Carrier (Chrono Boost)  
  189  16:54  Zealot x5  
  192  17:07  Zealot x3  
  192  17:08  Zealot x3  
  198  17:16  High Templar  
  188  17:36  High Templar x3  
  194  17:48  Zealot  
  194  17:49  Gateway, Zealot x2  
  194  17:51  Gateway  
  200  17:53  Gateway  
  200  17:55  Gateway  
  196  18:09  Stalker x6  
  196  18:10  Stalker x4  
  188  18:22  Zealot  
  184  18:32  Zealot x7  
  184  18:33  Zealot  
  194  18:37  Observer x2 (Chrono Boost)  
  193  18:44  Zealot x3  
  188  18:52  Zealot x5  

Tags
 
Add a new tag
Caveats
  • Supply blocks, unpowered buildings, or Contaminate may cause inaccurate times.
  • Supply counts are checked every 10 seconds.